 Dungeon Crawl Stone Soup version 0.29-a0-414-g5075937ec3 (webtiles) character file.

Game seed: 6703329220337866824

1 holysushi the Charlatan (level 1, 0/12 HPs)
             Began as a Kobold Artificer on May 16, 2022.
             Slain by a goblin
             ... wielding a +0 club
              (1 damage)
             ... on level 1 of the Dungeon.
             The game lasted 00:00:08 (24 turns).

holysushi the Charlatan (Kobold Artificer)            Turns: 24, Time: 00:00:09

Health: 0/12       AC:  3    Str:  9    XL:     1   Next: 22%
Magic:  1/1        EV: 14    Int: 12    God:
Gold:   0          SH:  0    Dex: 15    Spells: 0/0 levels left

rFire   . . .      SeeInvis .   a - +0 club
rCold   . . .      Faith    .   (no shield)
rNeg    . . .      Spirit   .   b - +0 leather armour
rPois   .          Reflect  .   (no helmet)
rElec   .          Harm     .   (no cloak)
rCorr   .          Rampage  .   (no gloves)
Will    .....                   (no boots)
Stlth   +++.......              (no amulet)
HPRegen 0.04/turn               (no ring)
MPRegen 0.07/turn               (no ring)

@: no status effects
A: small, no large weapons, nightstalker 3
a: no special abilities


You were on level 1 of the Dungeon.
You visited 1 branch of the dungeon, and saw 1 of its levels.

Inventory:

Hand Weapons
 a - a +0 club (weapon)
Armour
 b - a +0 leather armour (worn)
Wands
 c - a wand of flame (13) (quivered)
 d - a wand of charming (15)
 e - a wand of iceblast (9)


   Skills:
 + Level 1.3 Fighting
 - Level 0.7 Armour
 - Level 2.4 Dodging
 - Level 1.3 Stealth
 - Level 3.6 Evocations


You couldn't memorise any spells.
You didn't know any spells.
Your spell library was empty.

Dungeon Overview and Level Annotations

Branches:
Dungeon (1/15)

Altars:


Innate Abilities, Weirdness & Mutations

You are small and have problems with some larger weapons.
You are completely attuned to the shadows.


Message History

The goblin closely misses you.
You hit the quokka.
The quokka is lightly wounded.
The quokka barely misses you. The goblin barely misses you.
The quokka bites you.
You miss the quokka.
The quokka is lightly wounded.
The quokka misses you. The goblin barely misses you.
You hit the quokka.
The quokka is moderately wounded.
The quokka closely misses you. The goblin closely misses you.
The quokka bites you but does no damage.
The goblin completely misses you.
You miss the quokka.
The quokka is moderately wounded.
The quokka closely misses you. The goblin hits you but does no damage.
The quokka bites you but does no damage.
You hit the quokka.
The quokka is heavily wounded.
The goblin hits you with a +0 club. The quokka closely misses you.
You hit the quokka but do no damage.
The quokka is heavily wounded.
The goblin hits you with a +0 club. The quokka bites you.
* * * LOW HITPOINT WARNING * * *
The goblin misses you. The quokka bites you.
* * * LOW HITPOINT WARNING * * *
You are too injured to fight recklessly!
You are too injured to fight recklessly!
Aiming: Throw Flame
Press: ? - help, Shift-Dir - straight line, f - quokka
Aim: a quokka (heavily wounded, 60% to hit)
The puff of flame hits the quokka.
You kill the quokka!
The goblin barely misses you.
Unknown command.
Aiming: Throw Flame
Press: ? - help, Shift-Dir - straight line, f - goblin
Aim: a goblin, wielding a +0 club (64% to hit)
The puff of flame misses the goblin.
The goblin hits you with a +0 club.
You die...

### ......#
####<##### ......#
..........
......#+####'####+
..[†........>....
....@........####
...g........##
.....#.....##
############


You could see a goblin.

Vanquished Creatures
  A quokka (D:1)
1 creature vanquished.

Notes
Turn   | Place    | Note
-------+----------+-------------------------------------------
     0 | D:1      | holysushi the Kobold Artificer began the quest for the Orb.
     0 | D:1      | Reached XP level 1. HP: 12/12 MP: 1/1
    24 | D:1      | Slain by a goblin

Illustrated notes

Levels and vault maps discovered:
D:1:      minmay_arrival_three_doors, layout_rooms, serial_forest,
          infiniplex_forest_straight_3, infiniplex_forest_straight_3,
          infiniplex_forest_lined_3, infiniplex_forest_straight_1,
          infiniplex_forest_lined_3, infiniplex_forest_straight_2,
          infiniplex_forest_straight_2, infiniplex_forest_end_2,
          infiniplex_forest_zigzag_1, kennysheep_pointless_box

Action                   || total
-------------------------++-------
Melee: Club              ||    10
Evoke: Wand              ||     2
 Stab: Sleeping          ||     1
Armor: Leather armour    ||     4
Dodge: Dodged            ||    16

Table legend: (Time is in decaauts)
 A = Elapsed time spent in this place.
 B = Non-inter-level travel time spent in this place.
 C = Inter-level travel time spent in this place.
 D = Time resting spent in this place.
 E = Time spent auto-exploring this place.
 F = Levels seen in this place.
 G = Mean time per level.
                   A        B        C        D        E       F      G
               +--------+--------+--------+--------+--------+-----+--------+
         Total |     27 |     27 |      0 |      0 |      9 |   1 |   27.0 |
       Dungeon |     27 |     27 |      0 |      0 |      9 |   1 |   27.0 |
               +--------+--------+--------+--------+--------+-----+--------+

Top non-repeatable levels by time:
     D:1: 27 daAuts
